 Dungeon Crawl Stone Soup version 0.31.0-9-g3a7656b989 (webtiles) character file.

Game seed: 7992761195510663756

1162 qw the Shooter (level 8, -5/39 HPs)
             Began as a Spriggan Hunter on Feb 3, 2024.
             Was a Believer of Okawaru.
             Slain by an orc
             ... wielding a +0 bardiche
              (13 damage)
             ... on level 6 of the Dungeon.
             The game lasted 00:02:05 (3986 turns).

qw the Shooter (Spriggan Hunter)                    Turns: 3986, Time: 00:02:06

Health: -5/39      AC:  3    Str:  6    XL:     8   Next: 17%
Magic:  12/12      EV: 22    Int: 14    God:    Okawaru [**....]
Gold:   2337       SH:  0    Dex: 20    Spells: 7/7 levels left

rFire   . . .        c - +0 orcbow
rCold   + . .        (shield currently unavailable)
rNeg    . . .        q - +1 robe of Rationality {+Inv}
rPois   +            (helmet restricted)
rElec   .            (no cloak)
rCorr   .            (gloves unavailable)
SInv    +            (boots unavailable)
Will    +....        d - amulet of regeneration
Stlth   ++           (no ring)
HPRegen 1.06/turn    (no ring)
MPRegen 0.13/turn

%: no passive effects
@: about to teleport, very quick
A: very small, no large weapons, unfitting armour, see invisible, speed 3,
clever 1, cold resistance 1, poison resistance
a: Renounce Religion, Evoke Invisibility, Heroism


You were on level 6 of the Dungeon.
You worshipped Okawaru.
Okawaru was pleased with you.
You visited 2 branches of the dungeon, and saw 7 of its levels.

You collected 2455 gold pieces.
You spent 118 gold pieces at shops.


Innate Abilities, Weirdness & Mutations

You are very small and have problems with some larger weapons.
You are too small for most types of armour.
You have supernaturally acute eyesight. (SInv)
You cover ground extremely quickly. (Speed+++)
Your mind is acute. (Int +4, Str/Dex -1)
Your flesh is cold resistant. (rC+)
Your system is resistant to poisons. (rPois)


   Skills:
 - Level 2.1 Fighting
 + Level 7.9 Ranged Weapons
 - Level 7.0 Dodging
 - Level 1.5 Stealth
 - Level 4.1 Invocations


You had 7 spell levels left.
You didn't know any spells.
Your spell library was empty.

Inventory:

Hand Weapons
 c - a +0 orcbow (weapon)
Armour
 q - the +1 robe of Rationality (worn) {+Inv}
   (You acquired it on level 4 of the Dungeon)

   +Inv:      It lets you turn invisible.
Jewellery
 d - an amulet of regeneration (around neck)
Wands
 h - a wand of mindburst (15)
 p - a wand of flame (13)
Scrolls
 e - 4 scrolls of enchant armour
Potions
 a - a potion of haste {unknown}
 b - a potion of enlightenment {unknown}
 f - a potion of resistance {unknown}
 g - 2 potions of curing
 i - a potion of attraction {unknown}
 j - a potion of mutation
 l - a potion of berserk rage {unknown}
 m - a potion of brilliance {unknown}

Dungeon Overview and Level Annotations

Branches:
Dungeon (6/15)             Temple (1/1) D:4

Altars:
Ashenzari
Cheibriados
Dithmenos
Elyvilon
Fedhas
Gozag
Hepliaklqana
Kikubaaqudgha
Makhleb
Nemelex Xobeh
Okawaru
Qazlal
Sif Muna
Trog
Vehumet
Wu Jian
Xom
Yredelemnul
The Shining One

Shops:
D:1 ?!   D:4 ?*::(


Message History

The orc priest looks encouraged for a moment.
The orc completely misses you.
An orc priest comes into view. It is wielding a +0 club.
The orc barely misses you.
You shoot an arrow.
The arrow closely misses the orc priest.
The orc priest shouts!
The orc completely misses you. The orc priest barely misses you.
The orc completely misses you.
You shoot an arrow. The arrow barely misses the orc priest.
The orc priest completely misses you. The orc misses you. x2
You shoot an arrow. The arrow barely misses the orc priest.
The orc misses you.
The orc priest mumbles some strange prayers to Beogh against you.
Beogh smites you! The orc completely misses you.
The orc priest closely misses you.
The orc priest looks braver for a moment.
The orc misses you. The orc completely misses you.
You shoot an arrow. The arrow hits the orc priest!
The orc priest is heavily wounded.
Your surroundings suddenly seem different.
3983 ||| READING scroll of teleportation.
As you read the scroll of teleportation, it crumbles to dust.
You feel strangely unstable.
An orc wizard comes into view. It is wielding a +0 club.
You shoot an arrow. The orc wizard shouts!
The arrow hits the orc priest!
The orc priest is almost dead.
The orc priest closely misses you.
You shoot an arrow.
The arrow hits the orc priest but does no damage.
The orc priest is almost dead.
The orc misses you.
You shoot an arrow. The arrow hits the orc priest.
You kill the orc priest!
Okawaru accepts your kill.
You hear a shout!
The orc hits you from afar with a +0 bardiche!
You die...

#.## .... [.##..##
######...# #....o.o#
#.######o.# #
#########.### .##.#..
............# #oo..#
###########....##).##.#
.....#<..# ###.#@# #.
####.###.# ### .
#.....# #######


You could see an orc wizard and an orc.

Vanquished Creatures
  Menkaure (D:4)
  A water moccasin (D:5)
  2 ice beasts (D:5)
  A black bear (D:5)
  An ogre (D:5)
  A centaur (D:5)
  A kobold brigand (D:5)
  A bullfrog (D:5)
  A bombardier beetle (D:5)
  A hound (D:5)
  A jelly (D:5)
  2 orc priests
  Ijyb (D:4)
  3 orc wizards
  3 adders
  2 shadow imps
  A dart slug (D:2)
  2 ribbon worms (D:3)
  22 orcs
  3 ball pythons
  4 endoplasms
  2 giant cockroaches (D:4)
  11 goblins
  7 hobgoblins
  3 jackals (D:1)
  10 kobolds
  5 quokkas
  3 bats (D:2)
  2 frilled lizards
  5 rats
103 creatures vanquished.

Notes
Turn   | Place    | Note
-------+----------+-------------------------------------------
     0 | D:1      | qw the Spriggan Hunter began the quest for the Orb.
     0 | D:1      | Reached XP level 1. HP: 10/10 MP: 2/2
     0 | D:1      | 0 ||| qw: Version: 0.3-a-155-g5e7d8dd
     0 | D:1      | 0 ||| qw: Game counter: 3040
     0 | D:1      | 0 ||| qw: Melee chars always use a shield: true
     0 | D:1      | 0 ||| qw: God list: Okawaru
     0 | D:1      | 0 ||| qw: Allow faded altars: false
     0 | D:1      | 0 ||| qw: Do Orc after clearing Dungeon:15 true
     0 | D:1      | 0 ||| qw: Do second Lair branch before Depths: true
     0 | D:1      | 0 ||| qw: Lair rune preference: random
     0 | D:1      | 0 ||| qw: Goals: Normal
     0 | D:1      | 0 ||| PLANNING D:1-11
    69 | D:1      | Reached skill level 3 in Dodging
    91 | D:1      | Found Ciduletse's Magic Scroll Emporium.
    94 | D:1      | 94 ||| SHOPLISTING scroll of enchant weapon (75 gold, have
                  | 0).
    94 | D:1      | 94 ||| SHOPLISTING scroll of identify (20 gold, have 0).
   190 | D:1      | Reached XP level 2. HP: 14/14 MP: 3/3
   559 | D:1      | Reached XP level 3. HP: 18/18 MP: 4/4
   695 | D:1      | Found Biatiyko's Distillery.
   701 | D:1      | 701 ||| SHOPLISTING potion of haste (140 gold, have 46).
   701 | D:1      | 701 ||| SHOPLISTING potion of heal wounds (70 gold, have
                  | 46).
   701 | D:1      | 701 ||| SHOPLISTING potion of might (56 gold, have 46).
   701 | D:1      | 701 ||| SHOPLISTING potion of mutation (112 gold, have 46).
   701 | D:1      | 701 ||| SHOPLISTING potion of resistance (140 gold, have
                  | 46).
   701 | D:1      | 701 ||| READING scroll labelled ZOPHUL LICEI.
   701 | D:1      | 701 ||| ENCHANTING +0 shortbow.
   702 | D:1      | 702 ||| READING 2 scrolls labelled JACHOM XITHRAOT.
   736 | D:1      | 736 ||| DRINKING 2 dark potions.
   737 | D:1      | 737 ||| DROPPING scroll of butterflies.
   738 | D:1      | 738 ||| DROPPING scroll of torment.
   761 | D:2      | 761 ||| FLEEEEING.
   762 | D:2      | 762 ||| FLEEEEING.
   764 | D:2      | 764 ||| STAIRDANCE
  1085 | D:2      | Found a faded altar of an unknown god.
  1455 | D:2      | 1455 ||| UPGRADING to amulet of regeneration.
  1460 | D:2      | 1460 ||| READING 2 scrolls labelled NIOVAA TACSIP.
  1461 | D:2      | 1461 ||| READING scroll labelled JIRO JEYNY.
  1461 | D:2      | 1461 ||| BRANDING +0 shortbow.
  1462 | D:2      | 1462 ||| DROPPING scroll of poison.
  1468 | D:2      | 1468 ||| Stepping ~*~*~tactically~*~*~ (cloud).
  1554 | D:3      | Reached XP level 4. HP: 22/22 MP: 5/5
  2219 | D:4      | Reached XP level 5. HP: 26/26 MP: 6/6
  2305 | D:4      | Found Ynof's Magic Scroll Emporium.
  2313 | D:4      | 2313 ||| BUYING scroll of enchant weapon (82 gold).
  2313 | D:4      | Bought a scroll of enchant weapon for 82 gold pieces
  2313 | D:4      | 2313 ||| READING scroll of enchant weapon.
  2313 | D:4      | 2313 ||| ENCHANTING +0 shortbow of flaming.
  2326 | D:4      | Found Qypiu's Assorted Antiques.
  2332 | D:4      | 2332 ||| BUYING coppery potion (17 gold).
  2332 | D:4      | Bought a coppery potion for 17 gold pieces
  2332 | D:4      | 2332 ||| SHOPLISTING lead wand (76 gold, have 22).
  2332 | D:4      | 2332 ||| SHOPLISTING potion of curing (57 gold, have 22).
  2332 | D:4      | 2332 ||| BUYING scroll labelled GUEGIMM ELUMOCS (19 gold).
  2332 | D:4      | Bought a scroll labelled GUEGIMM ELUMOCS for 19 gold pieces
  2332 | D:4      | 2332 ||| SHOPLISTING scroll labelled NAECAZ PEIF (19 gold,
                  | have 3).
  2332 | D:4      | 2332 ||| SHOPLISTING scroll labelled SAYFESS EHIAPY (19
                  | gold, have 3).
  2338 | D:4      | 2338 ||| READING scroll of enchant weapon.
  2338 | D:4      | 2338 ||| ENCHANTING +1 shortbow of flaming.
  2372 | D:4      | Noticed Ijyb
  2375 | D:4      | Killed Ijyb
  2416 | D:4      | Found a staircase to the Ecumenical Temple.
  2417 | D:4      | 2417 ||| PLANNING TEMPLE
  2417 | D:4      | 2417 ||| READING 2 scrolls labelled GUEGIMM ELUMOCS.
  2427 | D:4      | 2427 ||| FLEEEEING.
  2428 | D:4      | 2428 ||| FLEEEEING.
  2429 | D:4      | 2429 ||| FLEEEEING.
  2430 | D:4      | 2430 ||| FLEEEEING.
  2431 | D:4      | 2431 ||| FLEEEEING.
  2432 | D:4      | 2432 ||| FLEEEEING.
  2434 | D:4      | 2434 ||| READING 2 scrolls labelled QIXEDE ICWO.
  2435 | D:4      | 2435 ||| DRINKING 2 golden potions.
  2479 | D:4      | 2479 ||| DROPPING potion of lignification.
  2480 | D:4      | 2480 ||| DROPPING scroll of fog.
  2520 | D:4      | Found Qemifuf's Book Emporium.
  2557 | Temple   | Entered the Ecumenical Temple
  2558 | Temple   | 2558 ||| PLANNING OKAWARU WORSHIP
  2570 | Temple   | Became a worshipper of Warmaster Okawaru
  2571 | Temple   | 2571 ||| PLANNING D:1-11
  2656 | D:4      | Found Qoimumit's Book Shoppe.
  2670 | D:4      | Found Xolu's Antique Weapon Shoppe.
  2674 | D:4      | 2674 ||| SHOPLISTING arbalest (108 gold, have 58).
  2674 | D:4      | 2674 ||| SHOPLISTING runed arbalest (180 gold, have 58).
  2758 | D:4      | Noticed Menkaure
  2761 | D:4      | 2761 ||| ZAPPING wand of mindburst (17) at -6,1 (Menkaure;
                  | floor).
  2762 | D:4      | 2762 ||| ZAPPING wand of mindburst (16) at -5,0 (Menkaure;
                  | floor).
  2762 | D:4      | Killed Menkaure
  2763 | D:4      | Reached skill level 6 in Ranged Weapons
  2763 | D:4      | Reached XP level 6. HP: 30/30 MP: 7/7
  3037 | D:4      | 3037 ||| READING 3 scrolls labelled IRCHIV WYIRUNE.
  3037 | D:4      | Identified 3 scrolls of acquirement
  3037 | D:4      | 3037 ||| ACQUIRING +1 robe of Rationality {+Inv}
  3037 | D:4      | Acquired the +1 robe of Rationality {+Inv}
  3039 | D:4      | 3039 ||| UPGRADING to +1 robe of Rationality {+Inv}.
  3049 | D:4      | 3049 ||| DROPPING +0 robe.
  3050 | D:4      | 3050 ||| READING 2 scrolls of acquirement.
  3050 | D:4      | 3050 ||| ACQUIRING 950 gold pieces
  3050 | D:4      | Acquired 950 gold pieces
  3051 | D:4      | 3051 ||| READING scroll of acquirement.
  3051 | D:4      | 3051 ||| ACQUIRING 1260 gold pieces
  3051 | D:4      | Acquired 1260 gold pieces
  3053 | D:4      | 3053 ||| READING scroll labelled LIGIRA HEKHEU.
  3054 | D:4      | 3054 ||| READING scroll labelled CIOLLU MOVIRPHU.
  3095 | D:5      | Entered Level 5 of the Dungeon
  3104 | D:5      | Reached * piety under Okawaru
  3157 | D:5      | Reached skill level 6 in Dodging
  3169 | D:5      | Reached skill level 1 in Invocations
  3239 | D:5      | Reached XP level 7. HP: 35/35 MP: 7/9
  3345 | D:5      | Reached skill level 3 in Invocations
  3376 | D:5      | Reached ** piety under Okawaru
  3428 | D:5      | Identified the +10 short sword of Mumifin {drain, Str+5}
  3617 | D:5      | Reached XP level 8. HP: 39/39 MP: 10/12
  3662 | D:5      | Found a snail-covered altar of Cheibriados.
  3667 | D:5      | Found a blossoming altar of Fedhas.
  3849 | D:5      | 3849 ||| SWAPPING to +0 orcbow.
  3850 | D:5      | 3850 ||| DROPPING +2 shortbow of flaming.
  3851 | D:5      | 3851 ||| DRINKING 2 bubbling coppery potions.
  3851 | D:5      | Gained mutation: Your system is resistant to poisons.
                  | (rPois) [potion of mutation]
  3851 | D:5      | Gained mutation: Your flesh is cold resistant. (rC+)
                  | [potion of mutation]
  3851 | D:5      | Gained mutation: Your mind is acute. (Int +4, Str/Dex -1)
                  | [potion of mutation]
  3977 | D:6      | HP: 9/39 [orc/+0 whip (2)]
  3978 | D:6      | 3978 ||| READING 2 scrolls of teleportation.
  3981 | D:6      | HP: 2/39 [orc priest/divine providence (11)]
  3983 | D:6      | 3983 ||| READING scroll of teleportation.
  3986 | D:6      | Slain by an orc

Levels and vault maps discovered:
D:1:      hellmonk_arrival_library, layout_loops_ring, serial_shops,
          nicolae_shop_real_fake_doors, shop
D:2:      layout_loops_cross, shapermc_ecumenical_altar_mp_urbaneastern,
          nrook_uturn, chequers_serial_rivers_small_3
D:3:      layout_loops_ring, kennysheep_generic_room_14
D:4:      layout_gridville, minmay_temple_entry_fiery, serial_shops, shop, shop,
          nicolae_shop_just_a_little_nook, shop, nicolae_shop_rolling_square,
          serial_bayou, serial_bayou_shore_b, serial_bayou_pond_a,
          serial_bayou_shore_a, serial_bayou_lagoon_b, grunt_decor_resistance,
          uniq_ijyb, uniq_menkaure
D:5:      layout_basic, mainiacjoe_overflow_alcove_1, fedhas_altar_3
D:6:      lemuel_slime, layout_basic, zin_scriptorium, nicolae_eternal_life,
          uniq_jeremiah
Temple:   nicolae_temple_bog_church

Skill      XL: |  1  2  3  4  5  6  7 |
---------------+----------------------+-----
Dodging        | 3 4 5 6 7 |  7.0
Ranged Weapons | 5 6 7 |  7.9
Fighting       | 2 |  2.1
Invocations    | 2 4 |  4.1
Stealth        | |  1.5

Action                     |  1- 3 |  4- 6 |  7- 9 || total
---------------------------+-------+-------+-------++-------
   Fire: Shortbow          |    93 |   134 |    32 ||   259
         Orcbow            |       |       |    41 ||    41
  Evoke: Wand              |       |     2 |       ||     2
    Use: Scroll            |     4 |     9 |     2 ||    15
         Potion            |     1 |     1 |     1 ||     3
 Armour: Robe              |     5 |     6 |    17 ||    28
  Dodge: Dodged            |    12 |    18 |    65 ||    95

Table legend:
 A = Non-vault XP
 B = Vault XP
 C = Vault XP percentage of total XP
 D = Non-vault monster count
 E = Vault monster count
 F = Vault count percentage of total count
                 A         B        C        D         E       F
            +---------+---------+-------+---------+---------+-------
      Total |    1490 |     212 |  12.5 |     100 |       3 |   2.9
            +---------+---------+-------+---------+---------+-------
        D:1 |      41 |       0 |   0.0 |      23 |       0 |   0.0
        D:2 |      29 |       0 |   0.0 |      16 |       0 |   0.0
        D:3 |      86 |       4 |   4.4 |      15 |       1 |   6.2
        D:4 |     100 |     208 |  67.5 |      20 |       2 |   9.1
        D:5 |    1124 |       0 |   0.0 |      19 |       0 |   0.0
        D:6 |     110 |       0 |   0.0 |       7 |       0 |   0.0
            +---------+---------+-------+---------+---------+-------
